Map: Odyssey LE

Players

Ziggy - Winner!

  • Race: Terran Terran
  • Spawn Location: 11:00

BAILS

  • Race: Protoss Protoss
  • Spawn Location: 5:00

Event: WCS Montreal 2017

VOD

Have the link to the VOD?

Description

Time

  • Played on: Sept. 8, 2017, 1:11 p.m.
  • Length: 13:14

All games in this series

Show
View Real Time Build Order
Export as new Build Order

Ziggy Terran - Winner!

Build Orders: Gas First Reaper Expand, Reaper Expand, MMM Bio 

Get SALT Encoding   

  12  0:00  SCV  
  13  0:12  SCV  
  14  0:18  Supply Depot  
  14  0:24  SCV  
  15  0:32  Refinery  
  15  0:39  SCV  
  16  0:44  Barracks  
  16  0:51  SCV  
  17  1:03  SCV  
  18  1:15  SCV  
  19  1:32  Orbital Command, Reaper  
  20  1:45  Command Center  
  20  1:54  Refinery  
  20  2:07  SCV  
  20  2:08  Factory  
  21  2:10  Barracks Reactor  
  21  2:19  SCV  
  22  2:25  Supply Depot  
  22  2:29  Refinery  
  22  2:31  SCV  
  23  2:46  Marine x2, SCV  
  26  2:52  Starport  
  26  2:55  Widow Mine  
  28  2:58  SCV  
  28  3:04  Marine x2  
  31  3:11  SCV  
  31  3:21  Supply Depot  
  31  3:22  Marine x2  
  31  3:25  Cyclone  
  35  3:38  Viking  
  35  3:40  Marine  
  38  3:45  Orbital Command  
  38  3:56  Supply Depot  
  37  4:08  Barracks  
  37  4:09  SCV  
  38  4:10  Barracks, Engineering Bay  
  38  4:18  SCV  
  38  4:21  Widow Mine  
  41  4:25  SCV  
  41  4:26  Supply Depot  
  42  4:32  SCV  
  42  4:37  SCV, Terran Infantry Weapons Level 1  
  44  4:44  SCV  
  45  4:45  Marine  
  45  4:47  Marine  
  45  4:49  Supply Depot  
  45  4:51  SCV  
  48  4:56  Barracks Tech Lab  
  48  4:57  Barracks Tech Lab  
  48  4:58  SCV  
  49  5:03  Marine, SCV  
  49  5:05  Marine, Widow Mine  
  54  5:11  SCV  
  55  5:15  Supply Depot, SCV, Stimpack  
  55  5:17  Combat Shields  
  55  5:19  Marine  
  57  5:23  SCV  
  57  5:27  SCV  
  59  5:34  Marauder  
  59  5:35  SCV  
  62  5:37  Marauder  
  62  5:39  SCV  
  65  5:47  SCV  
  65  5:48  Supply Depot, Marine x2  
  65  5:49  Supply Depot  
  68  5:50  Starport Reactor, Factory Reactor  
  68  5:52  SCV  
  68  5:56  Marauder  
  69  5:59  SCV  
  69  6:00  Supply Depot  
  70  6:09  Marine x2, SCV  
  70  6:10  Marauder  
  75  6:13  SCV  
  75  6:17  Marauder  
  78  6:27  Marine x2  
  78  6:29  Medivac x2  
  78  6:30  Widow Mine x2  
  78  6:31  Marauder  
  90  6:38  Supply Depot, Terran Infantry Armor Level 1, Marauder  
  90  6:39  Command Center  
  92  6:42  Refinery  
  92  6:43  Refinery  
  92  6:44  SCV  
  92  6:45  Marine  
  94  6:54  Barracks  
  94  6:56  Barracks  
  94  6:59  Marine x3  
  98  7:01  SCV x2  
  98  7:05  Medivac  
  101  7:10  Supply Depot  
  101  7:15  Medivac  
  103  7:16  Supply Depot  
  103  7:24  Marine, Marauder x2  
  103  7:25  Marine  
  103  7:27  SCV  
  110  7:31  SCV  
  110  7:35  Supply Depot  
  110  7:37  Medivac  
  113  7:43  Starport  
  113  7:46  Marine x2  
  113  7:48  Barracks Tech Lab x2  
  115  7:54  SCV  
  115  7:57  SCV  
  117  8:04  Marauder x2  
  121  8:06  SCV  
  121  8:09  SCV  
  123  8:15  Marauder x2  
  121  8:22  Viking  
  121  8:25  Marauder  
  121  8:26  Marauder  
  119  8:27  Viking  
  116  8:34  Viking  
  116  8:36  Marauder  
  116  8:37  Viking  
  122  8:44  Marauder  
  124  8:52  Viking  
  124  8:56  Marine x3  
  124  8:57  Viking  
  122  9:04  Viking  
  122  9:09  Marine  
  108  9:10  Marine x2  
  108  9:13  Marine  
  108  9:14  Marine, Marauder  
  113  9:27  Marine  
  113  9:28  Marauder x2  
  113  9:30  Orbital Command  
  120  9:31  Marine x2  
  120  9:34  SCV x2  
  120  9:36  Marauder  
  124  9:39  Viking  
  124  9:40  Viking x3  
  126  9:45  Marine  
  126  9:46  SCV x2  
  126  9:49  Marine  
  130  9:53  Marine x2  
  130  9:54  Marine  
  130  9:56  Marine, SCV  
  130  9:58  SCV  
  130  9:59  SCV  
  137  10:04  Supply Depot, Marauder  
  137  10:06  Ghost Academy  
  139  10:08  Liberator  
  139  10:19  Marauder  
  141  10:25  Supply Depot  
  141  10:26  Supply Depot x2, Marauder x2  
  148  10:29  Liberator  
  148  10:30  Liberator x2  
  149  10:46  Marine x2  
  149  10:47  Marine x2, Marauder  
  149  10:48  Marine  
  164  10:57  Concussive Shells  
  164  11:04  Ghost, Marine x2  
  164  11:05  Ghost  
  164  11:06  Marine  
  164  11:07  Marine  
  164  11:09  Supply Depot  
  172  11:13  Liberator  
  172  11:25  Refinery  
  172  11:30  Ghost, Supply Depot  
  172  11:32  Ghost, Supply Depot  
  179  11:42  Supply Depot  
  179  11:43  Ghost  
  181  11:51  Marine x2, Marauder  
  185  11:59  Marine  
  186  12:02  Armory, Engineering Bay  
  186  12:07  Liberator  
  186  12:09  Ghost  
  186  12:11  Ghost  
  186  12:18  Marine x2  
  186  12:19  Marine, Marauder  
  192  12:36  Ghost  
  193  12:41  Ghost x2  
  175  12:55  Marine x3  
Show
View Real Time Build Order
Export as new Build Order

BAILS Protoss 

Build Orders: 1 Gate Expand, Colossus Rush 

Get SALT Encoding   

  12  0:01  Probe (Chrono Boost)  
  13  0:12  Probe (Chrono Boost)  
  14  0:18  Pylon  
  14  0:22  Probe (Chrono Boost)  
  15  0:36  Probe (Chrono Boost), Gateway  
  16  0:46  Probe (Chrono Boost)  
  16  0:48  Assimilator  
  17  0:57  Probe (Chrono Boost)  
  18  1:08  Probe (Chrono Boost)  
  20  1:18  Probe (Chrono Boost)  
  20  1:23  Cybernetics Core  
  20  1:36  Nexus  
  20  1:43  Pylon  
  21  1:47  Probe (Chrono Boost)  
  21  1:59  Mothership Core (Chrono Boost)  
  25  2:01  Adept (Chrono Boost)  
  25  2:17  Probe  
  25  2:18  Assimilator  
  25  2:19  Warp Gate (Chrono Boost)  
  26  2:27  Adept (Chrono Boost)  
  26  2:29  Probe  
  29  2:35  Pylon  
  29  2:46  Probe  
  29  2:50  Probe  
  29  2:51  Adept (Chrono Boost)  
  33  2:58  Probe  
  33  3:03  Pylon  
  34  3:12  Robotics Facility  
  34  3:14  Probe  
  34  3:17  Probe  
  35  3:26  Probe  
  36  3:28  Probe  
  37  3:38  Adept (Chrono Boost)  
  39  3:42  Gateway  
  39  3:49  Gateway  
  39  3:51  Probe  
  39  3:52  Probe  
  41  4:03  Probe x2 (Chrono Boost)  
  41  4:07  Observer (Chrono Boost)  
  44  4:12  Pylon  
  44  4:15  Probe x2 (Chrono Boost)  
  46  4:24  Probe, Robotics Bay  
  46  4:25  Probe  
  46  4:27  Observer (Chrono Boost)  
  46  4:29  Pylon  
  49  4:33  Stalker  
  52  4:40  Stalker  
  52  4:43  Assimilator  
  52  4:45  Probe (Chrono Boost)  
  53  4:46  Probe (Chrono Boost), Assimilator  
  55  4:56  Twilight Council  
  55  4:59  Probe (Chrono Boost), Pylon  
  56  5:01  Stalker  
  56  5:03  Probe (Chrono Boost)  
  59  5:09  Probe (Chrono Boost)  
  59  5:13  Probe (Chrono Boost)  
  61  5:15  Colossus (Chrono Boost)  
  67  5:24  Probe  
  67  5:26  Probe  
  69  5:35  Blink (Chrono Boost)  
  69  5:36  Probe  
  69  5:41  Probe  
  70  5:53  Nexus, Pylon  
  70  5:55  Extended Thermal Lance (Chrono Boost)  
  70  5:57  Pylon  
  70  6:06  Colossus (Chrono Boost)  
  70  6:10  Pylon  
  70  6:12  Probe  
  70  6:13  Probe  
  78  6:28  Gateway x2  
  78  6:30  Gateway  
  78  6:36  Gateway  
  78  6:38  Sentry x2  
  81  6:41  Stalker  
  83  6:52  Pylon  
  83  6:55  Warp Prism (Chrono Boost), Pylon  
  85  7:02  Forge  
  85  7:05  Sentry, Stalker  
  85  7:07  Sentry  
  90  7:26  Stalker x3  
  90  7:29  Stalker x2  
  100  7:30  Stalker  
  100  7:35  Colossus  
  102  7:40  Probe  
  109  7:45  Probe  
  109  7:47  Probe  
  111  7:52  Probe  
  111  7:54  Pylon  
  111  7:56  Adept x4  
  120  8:08  Pylon  
  120  8:16  Stalker x5  
  126  8:33  Adept x2  
  130  8:35  Pylon  
  130  8:37  Observer  
  129  8:48  Stalker x2  
  129  8:49  Stalker x2  
  127  9:03  Adept x3  
  127  9:08  Colossus (Chrono Boost)  
  119  9:11  Protoss Ground Weapons Level 1  
  119  9:16  Probe x2  
  97  9:17  Probe  
  84  9:28  Charge (Chrono Boost), Adept x4  
  86  9:32  Probe  
  86  9:34  Probe  
  86  9:37  Zealot x3  
  94  9:45  Assimilator  
  94  9:50  Assimilator  
  94  9:52  Zealot x4  
  102  9:55  Probe x3  
  105  10:02  Zealot x3  
  105  10:06  Immortal (Chrono Boost)  
  115  10:09  Probe  
  115  10:11  Probe  
  115  10:13  Zealot x2  
  121  10:17  Sentry x2  
  125  10:27  Zealot x3  
  131  10:31  Templar Archives  
  130  10:37  Zealot x2  
  130  10:39  Warp Prism (Chrono Boost)  
  136  10:50  Nexus  
  136  10:55  Zealot x3  
  142  11:02  Psionic Storm  
  142  11:06  Zealot x4  
  142  11:08  Protoss Ground Armor Level 1  
  150  11:18  High Templar x2  
  154  11:32  High Templar  
  156  11:36  Nexus, Pylon  
  156  11:37  Pylon  
  156  11:42  Pylon  
  156  11:50  Pylon  
  156  11:54  Immortal  
  160  11:55  High Templar x2  
  160  11:56  High Templar  
  160  11:57  Zealot x3  
  172  12:02  Forge  
  172  12:06  Gateway  
  160  12:21  Stalker x2  
  160  12:22  Stalker  
  160  12:24  Probe  
  157  12:31  Probe  
  157  12:34  Zealot  
  157  12:35  Zealot x2  
  152  12:42  High Templar, Probe  
  143  12:53  Archon  
  143  12:56  Zealot  
  143  12:57  Zealot x4  
  149  13:01  High Templar  
Tags
 
Add a new tag
Caveats
  • Supply blocks, unpowered buildings, or Contaminate may cause inaccurate times.
  • Supply counts are checked every 10 seconds.